 Dungeon Crawl Stone Soup version 0.30-b1-2-g02819fbbbe (webtiles) character file.

Game seed: 3376734698657720984

990 Arum the Covered (level 8, -4/65 HPs)
             Began as a Formicid Fighter on May 19, 2023.
             Was a Follower of Ru.
             Slain by a two-headed ogre
             ... wielding a +0 giant club
              (12 damage)
             ... on level 6 of the Dungeon.
             The game lasted 00:07:01 (3912 turns).

Arum the Covered (Formicid Fighter)                 Turns: 3912, Time: 00:07:02

Health: -4/65      AC: 20    Str: 26    XL:     8   Next: 41%
Magic:  8/8        EV:  3    Int:  8    God:    Ru [*.....]
Gold:   271        SH:  5    Dex: 12    Spells: 7/7 levels left

rFire   . . .        a - +0 quarterstaff
rCold   . . .        c - +0 buckler
rNeg    . . .        j - +5 chain mail of Resourcefulness {rPois Will+ Dex-4}
rPois   +            (helmet unavailable)
rElec   .            r - +0 cloak
rCorr   .            y - +2 pair of gloves
SInv    +            (no boots)
Will    +....        (no amulet) Stlth
                     i - ring of poison resistance
HPRegen 0.30/turn    b - ring of the Weak Lime {Fly Str+3 Dex+3}
MPRegen 0.11/turn

%: no passive effects
@: flying
A: permanent stasis, dig shafts and tunnels, antennae 3, reduced EV 1, four
strong arms
a: Dig, Shaft Self, Renounce Religion


You were on level 6 of the Dungeon.
You worshipped Ru.
Ru was aware of your devotion.
You visited 2 branches of the dungeon, and saw 7 of its levels.
You also visited: Sewer.

You collected 271 gold pieces.

Inventory:

Hand Weapons
 a - a +0 quarterstaff (weapon)
Armour
 c - a +0 buckler (worn)
 j - the +5 chain mail of Resourcefulness (worn) {rPois Will+ Dex-4}
   (You took it off a gnoll on level 5 of the Dungeon)

   Dex:       It affects your dexterity (-4).
   rPois:     It protects you from poison.
   Will:      It increases your willpower.
 p - a +1 plate armour
 r - a +0 cloak (worn)
 w - a +2 scale mail of cold resistance
 y - a +2 pair of gloves (worn)
Jewellery
 b - the ring of the Weak Lime (right hand) {Fly Str+3 Dex+3}
   (You acquired it on level 5 of the Dungeon)

   [ring of flight]

   Str:       It affects your strength (+3).
   Dex:       It affects your dexterity (+3).
   Fly:       It grants you flight.
 i - a ring of poison resistance (left hand)
 t - an amulet of regeneration
 x - an amulet of magic regeneration
 z - a ring of magical power
Wands
 o - a wand of paralysis (12)
Scrolls
 f - 3 scrolls of poison
 g - a scroll of fog
 k - a scroll of fear
 l - a scroll of vulnerability
 q - a scroll of enchant armour
Potions
 d - 2 potions of might
 e - a potion of attraction {unknown}
 h - a potion of lignification {unknown}
 m - 2 potions of mutation
 s - a potion of cancellation {unknown}
 u - 6 potions of curing {unknown}


   Skills:
 + Level 6.6 Fighting
 + Level 5.6 Staves
 + Level 6.6 Armour
 - Level 4.0 Shields


You had 7 spell levels left.
You didn't know any spells.
Your spell library contained the following spells:

 Spells                   Type           Power      Damage    Failure   Level
 Beastly Appendage        Tmut           0%         N/A       92%         1
 Foxfire                  Conj/Fire      0%         2x1d4     92%         1
 Magic Dart               Conj           0%         1d3       92%         1
 Searing Ray              Conj           0%         2d4       98%         2
 Wereblood                Tmut           0%         N/A       98%         2
 Call Canine Familiar     Summ           0%         N/A       100%        3
 Frozen Ramparts          Ice            0%         1d1       100%        3
 Portal Projectile        Hex/Tloc       0%         N/A       100%        3
 Spider Form              Tmut/Pois      0%         N/A       100%        3
 Fulminant Prism          Conj/Hex       0%         3d5       100%        4
 Ice Form                 Ice/Tmut       0%         N/A       100%        4
 Leda's Liquefaction      Hex/Erth       0%         N/A       100%        4
 Summon Ice Beast         Ice/Summ       0%         N/A       100%        4
 Fireball                 Conj/Fire      0%         3d3       100%        5
 Plasma Beam              Fire/Air       0%         2x1d11    100%        6
 Starburst                Conj/Fire      0%         6d3       100%        6


Dungeon Overview and Level Annotations

Branches:
Dungeon (6/15)             Temple (1/1) D:5           Sewer (visited)

Altars:
Ashenzari
Kikubaaqudgha
Ru


Innate Abilities, Weirdness & Mutations

You cannot be hasted, slowed, berserked, paralysed or teleported.
You can dig through walls and to a lower floor.
You have a pair of large antennae on your head. (SInv)
You have somewhat slow reflexes. (EV -5)
Your four strong arms can wield two-handed weapons with a shield.


Message History

Keep equipping yourself? [Y]es or [N]o only, please.
Keep equipping yourself? [Y]es or [N]o only, please.
Keep equipping yourself? [Y]es or [N]o only, please.
Keep equipping yourself? [Y]es or [N]o only, please.
Keep equipping yourself? [Y]es or [N]o only, please.
Keep equipping yourself?
You stop putting on your amulet.
The two-headed ogre hits you with a +0 giant spiked club!
Unknown command.
You hit the two-headed ogre.
The two-headed ogre is lightly wounded.
You barely miss the two-headed ogre.
The two-headed ogre is lightly wounded.
You block the two-headed ogre's attack. x2
You closely miss the two-headed ogre.
The two-headed ogre is lightly wounded.
The two-headed ogre hits you with a +0 giant club!!
* * * LOW HITPOINT WARNING * * *
The two-headed ogre hits you with a +0 giant spiked club!
* * * LOW HITPOINT WARNING * * *
You are too injured to fight recklessly!
You are too injured to fight recklessly!
You are too injured to fight recklessly!
You are too injured to fight recklessly!
You are too injured to fight recklessly!
You are too injured to fight recklessly!
You are too injured to fight recklessly!
You are too injured to fight recklessly!
You are too injured to fight recklessly!
You sock the two-headed ogre!
The two-headed ogre is moderately wounded.
You bludgeon the two-headed ogre!!
The two-headed ogre is heavily wounded.
The two-headed ogre hits you with a +0 giant club!
You die...

# .# #####.###
......... #.####
#.....###
......##........
#....# #O@#.#
#..##.# #... #.#
...#? #.#
....##. #.# ...#
#. #.# ... #.
#.# .# #. #.#
#.#


You could see a two-headed ogre.

Vanquished Creatures
  A water moccasin (Sewer)
  An ice beast (D:5)
  A black bear (D:4)
  2 phantoms
  2 scorpions (D:5)
  A howler monkey (D:5)
  2 vampire bats (D:5)
  2 hounds
  A jelly (D:4)
  An iguana (D:4)
  3 gnolls
  6 adders
  2 ufetubi
  4 worms
  2 dart slugs
  7 orcs
  3 bats
  4 bat skeletons (D:5)
  2 bat zombies (D:5)
  9 endoplasms
  3 giant cockroaches
  7 goblins
  4 hobgoblins
  4 jackals (Sewer)
  3 kobolds
  4 quokkas
  8 ball pythons
  2 frilled lizards (D:1)
  5 rats
96 creatures vanquished.

Notes
Turn   | Place    | Note
-------+----------+-------------------------------------------
     0 | D:1      | Arum the Formicid Fighter began the quest for the Orb.
     0 | D:1      | Reached XP level 1. HP: 18/18 MP: 1/1
   189 | D:1      | Reached XP level 2. HP: 24/24 MP: 2/2
   742 | D:2      | Reached XP level 3. HP: 28/30 MP: 3/3
  1592 | D:3      | Reached XP level 4. HP: 37/37 MP: 4/4
  1673 | D:3      | Found a sacrificial altar of Ru.
  1677 | D:3      | Became a worshipper of Ru the Awakened
  2023 | D:4      | Noticed a phantom
  2048 | D:4      | Killed a phantom
  2049 | D:4      | Reached XP level 5. HP: 34/43 MP: 5/5
  2188 | D:4      | Noticed a black bear
  2207 | D:4      | Killed a black bear
  2208 | D:4      | Reached skill level 5 in Fighting
  2208 | D:4      | Reached skill level 5 in Armour
  2208 | D:4      | Reached XP level 6. HP: 27/51 MP: 6/6
  2693 | D:5      | Entered Level 5 of the Dungeon
  2698 | D:5      | Identified a scroll of acquirement
  2698 | D:5      | Acquired the ring of the Weak Lime {Fly Str+3 Dex+3}
  2705 | D:5      | Reached XP level 7. HP: 53/56 MP: 7/7
  2811 | D:5      | Identified the +5 chain mail of Resourcefulness {rPois
                  | Will+ Dex-4}
  2823 | D:5      | Identified the +3 leather armour of Xoromyd {Harm Regen+
                  | Str+3}
  2835 | D:5      | Found a staircase to the Ecumenical Temple.
  2844 | Temple   | Entered the Ecumenical Temple
  3013 | Temple   | Reached skill level 5 in Staves
  3021 | Temple   | Gained mutation: You have somewhat slow reflexes. (EV -5)
                  | [Ru sacrifice]
  3021 | Temple   | Reached * piety under Ru
  3055 | D:5      | Reached XP level 8. HP: 45/64 MP: 8/8
  3109 | D:5      | Found a glowing drain.
  3117 | Sewer    | Entered a sewer
  3462 | D:5      | Found an ancient bone altar of Kikubaaqudgha.
  3557 | D:5      | Found a broken altar of Ashenzari.
  3902 | D:6      | Noticed a two-headed ogre
  3912 | D:6      | Slain by a two-headed ogre

Illustrated notes

Levels and vault maps discovered:
D:1:      moated_graveyard_arrival, layout_basic
D:2:      layout_basic, minmay_misc_feat_columns
D:3:      layout_rooms, mainiacjoe_overflow_24_doors
D:4:      layout_rooms, kennysheep_generic_room_3
D:5:      layout_rooms, kennysheep_vampire_church, amcnicky_altar_gilded,
          minmay_temple_entry_sparse_star, portal_sewer_entry_b,
          roderic_serpentine_path, kennysheep_flooded_box, amethyst_killhole,
          kennysheep_generic_room_16
D:6:      layout_basic, mainiacjoe_overflow_alcove_4, zin_angel
Temple:   nicolae_temple_figure_zero

Skill      XL: |  1  2  3  4  5  6  7 |
---------------+----------------------+-----
Fighting       | 4 5 6 |  6.6
Armour         | 4 5 6 |  6.6
Staves         | 3 4 5 |  5.6
Shields        | |  4.0

Action                     |  1- 3 |  4- 6 |  7- 9 || total
---------------------------+-------+-------+-------++-------
  Melee: Quarterstaff      |    85 |   117 |   168 ||   370
 Invoke: Sacrifice Health  |       |       |     1 ||     1
    Use: Scroll            |       |     3 |     9 ||    12
 Armour: Scale mail        |    30 |       |       ||    30
         Plate armour      |     2 |   113 |   114 ||   229
         Chain mail        |       |       |   103 ||   103
  Dodge: Dodged            |    31 |    48 |    43 ||   122
  Block: Buckler           |    15 |    34 |    81 ||   130
